 Dungeon Sprint DCSS version 0.18.1-47-g9310371 (webtiles) character file.

13627 rftp080 the Tortoise (level 12, -4/77 HPs)
             Began as a Gargoyle Air Elementalist on June 23, 2016.
             Was the Champion of Sif Muna.
             Slain by an ettin
             ... wielding a +0 great mace
              (9 damage)
             ... in the Dungeon (Sprint IX: "|||||||||||||||||||||||||||||").
             The game lasted 00:14:25 (2335 turns).

rftp080 the Tortoise (Gargoyle Air Elementalist)    Turns: 2335, Time: 00:14:25

Health: -4/77      AC: 53    Str: 12    XL:     12   Next: 8%
Magic:  0/25       EV:  3    Int: 21    God:    Sif Muna [******]
Gold:   270        SH:  0    Dex: 13    Spells: 6 memorised, 9 levels left

rFire  + . .     SeeInvis .     n - +2 halberd (protect)
rCold  + . .     Gourm    .     J - +9 armour of the Dragon King {rPois rF+ rC+ MR+}
rNeg   + + .     Faith    .     (shield currently unavailable)
rPois  ∞         Spirit   +     E - +2 hat of the Bear Spirit {Spirit, +Rage rN+ MR++}
rElec  +         Dismiss  .     I - +1 cloak
rCorr  .         Reflect  .     (no gloves)
SustAt .         Harm     .     D - +0 pair of boots
MR     +++..     NoTele   +     (no amulet)
Stlth  ..........               s - +2 ring of protection
                                r - +3 ring of dexterity

@: extremely resistant to hostile enchantments, extremely unstealthy
A: negative energy resistance 1, electricity resistance, unbreathing,
petrification resistance, rot immunity, AC +8
a: Channel Energy, Forget Spell, Renounce Religion, Evoke Berserk Rage


You were in the Dungeon.
You worshipped Sif Muna.
Sif Muna was exalted by your worship.
You were not hungry.

You visited 1 branch You collected 1913 gold pieces.
You spent 1643 gold pieces at shops.

Inventory:

Hand Weapons
 n - a +2 halberd of protection (weapon)
Armour
 a - a +0 robe
 o - a +0 helmet
 p - a +0 cloak
 q - a +1 scale mail
 v - the +11 plate armour of Tulips {rF+}
   (You found it in the Dungeon)

   It protects you from fire.
 D - a +0 pair of boots (worn)
 E - the +2 hat of the Bear Spirit (worn) {Spirit, +Rage rN+ MR++}
   (You bought it in a shop in the Dungeon)

   It protects you from negative energy.
   It affects your resistance to hostile enchantments.
   It lets you go berserk.
 I - a +1 cloak (worn)
 J - the +9 armour of the Dragon King (worn) {rPois rF+ rC+ MR+}
   (You found it in the Dungeon)

   It protects you from fire.
   It protects you from cold.
   It protects you from poison.
   It affects your resistance to hostile enchantments.
Magical Staves
 m - an uncursed staff of energy
Jewellery
 e - the ring of Xoxesour {*Corrode rC+++ MP+9 Str+6 Stlth+}
   (You bought it in a shop in the Dungeon)

   [ring of magical power]

   It affects your strength (+6).
   It renders you almost immune to cold.
   It affects your magic capacity (+9).
   It may corrode you when you take damage.
   It makes you more stealthy.
 r - a +3 ring of dexterity (left hand)
 s - a +2 ring of protection (right hand)
 F - an uncursed ring of protection from fire
 G - an uncursed ring of see invisible
 H - an uncursed ring of protection from cold
Wands
 l - a wand of lightning (2/15)
Scrolls
 i - 3 scrolls of blinking
 j - 3 scrolls of remove curse
 k - 2 scrolls of amnesia
 w - 2 scrolls of enchant weapon
 x - 2 scrolls of fog
 y - 5 scrolls of identify
 z - a scroll of recharging
 M - a scroll of fear
Potions
 c - a potion of brilliance {unknown}
 d - 6 potions of curing
 f - 2 potions of berserk rage
 g - 2 potions of magic
 h - a potion of invisibility
 t - 2 potions of haste
 K - 4 potions of heal wounds
 L - a potion of might
Books
 b - a book of Air

   Spells                             Type                      Level
   a - Shock                          Conjuration/Air              1
   b - Swiftness                      Charms/Air                   2
   c - Repel Missiles                 Charms/Air                   2
   d - Static Discharge               Conjuration/Air              3
   e - Lightning Bolt                 Conjuration/Air              5
 A - Xotaj's Papyrus of Bewitchment and the Volcanoes
   (Sif Muna gifted it to you in the Dungeon)

   Spells                             Type                      Level
   a - Corona                         Hexes                        1
   b - Throw Flame                    Conjuration/Fire             2
   c - Metabolic Englaciation         Hexes/Ice                    5
   d - Bolt of Fire                   Conjuration/Fire             6
   e - Darkness                       Hexes                        6
   f - Fire Storm                     Conjuration/Fire             9
Comestibles
 u - 14 meat rations
 B - 40 fruits
 C - 11 bread rations


   Skills:
 - Level 10.0 Fighting
 * Level 18.6 Armour
 - Level 4.7 Dodging
 - Level 2.1 Stealth
 - Level 9.7 Spellcasting
 - Level 13.7 Conjurations
 - Level 3.8 Fire Magic
 - Level 6.7 Air Magic
 - Level 12.3 Invocations


You had 9 spell levels left.
You knew the following spells:

 Your Spells              Type           Power        Failure   Level  Hunger
a - Shock                 Conj/Air       ####         24%         1    None
b - Repel Missiles        Chrm/Air       ###...       100%        2    None
c - Swiftness             Chrm/Air       ###.....     100%        2    None
d - Lightning Bolt        Conj/Air       ######....   100%        5    ####...
e - Metabolic Englaciati  Hex/Ice        ##........   100%        5    ####...
f - Bolt of Fire          Conj/Fire      #####.....   100%        6    ######.


Dungeon Overview and Level Annotations

Branches:
Dungeon (1/1)

Altars:
Cheibriados
Dithmenos
Elyvilon
Fedhas
Gozag
Kikubaaqudgha
Makhleb
Nemelex Xobeh
Okawaru
Pakellas
Qazlal
Ru
Sif Muna
Trog
Vehumet
Xom
Yredelemnul
Zin
The Shining One
Beogh
Jiyva
Lugonu

Shops:
D [[[=


Innate Abilities, Weirdness & Mutations

You are resistant to torment.
Your stone body is resilient (AC +8).
You are immune to poison.
You resist negative energy.
You are resistant to electric shocks.
You can survive without breathing.
You are immune to petrification.
You are immune to rotting.


Message History

Unknown command.
Drink which item? (? for menu, Esc to quit)
Okay, then.
You don't have the energy to cast that spell.
You don't have the energy to cast that spell.
You don't have the energy to cast that spell.
Unknown command.
Eat which item? (? for menu, Esc to quit)
You can't eat that!
Eat which item? (? for menu, Esc to quit)
The ettin hits you with a great mace!
* * * LOW HITPOINT WARNING * * *
The ettin completely misses you.
The rakshasa blinks!
You continue eating.
The ettin hits you with a great mace!!
* * * LOW HITPOINT WARNING * * *
The ettin hits you but does no damage.
You continue eating.
The ettin hits you but does no damage. The ettin hits you with a dire flail!
You die...

...'...[.......÷†........†'......
▓▓▓▓▓▓▓▓▓▓▓▓▓▓▓▓▓▓▓▓▓▓▓▓▓▓▓▓▓▓▓▓▓
.................)...............
▓▓▓▓▓▓▓▓▓▓▓▓▓▓▓▓▓▓▓▓▓▓▓▓▓▓▓▓▓▓▓▓▓
.....∩)∩.∩.∩.)))))......)..).)))(
▓▓▓▓▓▓▓▓▓▓▓▓▓▓▓▓▓▓▓▓▓▓▓▓▓▓▓▓▓▓▓▓▓
.........................).......
▓▓▓▓▓▓▓▓▓▓▓▓▓▓▓▓▓▓▓▓▓▓▓▓▓▓▓▓▓▓▓▓▓
.u.RppC@.........[[.[[[[
▓▓▓▓▓▓▓▓▓▓▓▓▓▓▓▓▓▓▓▓▓▓▓▓


You could see a purple ugly thing, an ettin, a rakshasa and 2 hell knights.

Vanquished Creatures
  Erolcha (D)
  A centaur warrior (D)
  An orc high priest (D)
  An orc knight (D)
  5 lindwurms (D)
  A cyclops (D)
  10 orc sorcerers (D)
  A spiny frog (D)
  2 komodo dragons (D)
  A tengu conjurer (D)
  A two-headed ogre (D)
  A giant leech (D)
  2 shadows (D)
  A wyvern (D)
  2 yaks (D)
  A hippogriff (D)
  3 water moccasins (D)
  4 porcupines (D)
  An ice beast (D)
  8 orc warriors (D)
  A sky beast (D)
  2 crocodiles (D)
  2 giant frogs (D)
  A killer bee (D)
  A wight (D)
  2 crimson imps (D)
  A jelly (D)
  4 orc priests (D)
  8 orc wizards (D)
  An iguana (D)
  A worker ant (D)
  3 river rats (D)
  3 shadow imps (D)
  An adder zombie (D)
  3 worms (D)
  7 orcs (D)
  A giant cockroach (D)
  A jackal (D)
  3 bats (D)
  A rat (D)
95 creatures vanquished.

Notes
Turn   | Place    | Note
--------------------------------------------------------------
     0 | D        | rftp080 the Gargoyle Air Elementalist began the quest for the Orb.
     0 | D        | Reached XP level 1. HP: 10/10 MP: 3/3
     4 | D        | Reached skill level 1 in Armour
    67 | D        | Noticed a crimson imp
    67 | D        | Noticed an ice beast
    67 | D        | Noticed a crimson imp
    96 | D        | Killed an ice beast
    96 | D        | Reached skill level 5 in Armour
    96 | D        | Reached skill level 5 in Conjurations
    96 | D        | Reached XP level 2. HP: 4/19 MP: 0/6
    96 | D        | Reached XP level 3. HP: 5/23 MP: 0/8
    96 | D        | Reached XP level 4. HP: 6/28 MP: 0/9
   104 | D        | Reached XP level 5. HP: 7/32 MP: 0/10
   109 | D        | Reached skill level 6 in Armour
   128 | D        | Found a glowing silver altar of Zin.
   128 | D        | Found a glowing golden altar of the Shining One.
   128 | D        | Found an ancient bone altar of Kikubaaqudgha.
   128 | D        | Found a basalt altar of Yredelemnul.
   128 | D        | Found a shimmering altar of Xom.
   128 | D        | Found a radiant altar of Vehumet.
   129 | D        | Found an iron altar of Okawaru.
   130 | D        | Found a burning altar of Makhleb.
   131 | D        | Found a deep blue altar of Sif Muna.
   132 | D        | Found a bloodstained altar of Trog.
   133 | D        | Found a sparkling altar of Nemelex Xobeh.
   134 | D        | Found a white marble altar of Elyvilon.
   135 | D        | Found a roughly hewn altar of Beogh.
   136 | D        | Found a viscous altar of Jiyva.
   137 | D        | Found a corrupted altar of Lugonu.
   138 | D        | Found a blossoming altar of Fedhas.
   139 | D        | Became a worshipper of Sif Muna the Loreminder
   140 | D        | Found a snail-covered altar of Cheibriados.
   141 | D        | Found a shadowy altar of Dithmenos.
   142 | D        | Found a stormy altar of Qazlal.
   143 | D        | Found an opulent altar of Gozag.
   144 | D        | Found a sacrificial altar of Ru.
   145 | D        | Found an oddly glowing altar of Pakellas.
   202 | D        | Learned a level 2 spell: Repel Missiles
   205 | D        | Learned a level 2 spell: Swiftness
   211 | D        | Learned a level 5 spell: Lightning Bolt
   345 | D        | Noticed a water moccasin
   345 | D        | Noticed a yak
   345 | D        | Noticed a sky beast
   349 | D        | Reached skill level 1 in Invocations
   350 | D        | Reached XP level 6. HP: 39/39 MP: 6/12
   354 | D        | Reached skill level 7 in Armour
   354 | D        | Killed a water moccasin
   354 | D        | Reached * piety under Sif Muna
   354 | D        | Reached skill level 5 in Fighting
   366 | D        | Killed a yak
   366 | D        | Reached skill level 8 in Armour
   366 | D        | Reached skill level 5 in Spellcasting
   366 | D        | Reached skill level 5 in Air Magic
   366 | D        | Reached skill level 5 in Invocations
   366 | D        | Reached XP level 7. HP: 42/44 MP: 2/14
   378 | D        | Reached ** piety under Sif Muna
   412 | D        | Noticed a cyclops
   412 | D        | Noticed a centaur warrior
   412 | D        | Noticed a shadow
   416 | D        | Killed a shadow
   416 | D        | Reached skill level 9 in Armour
   416 | D        | Reached XP level 8. HP: 36/51 MP: 10/16
   440 | D        | Killed a centaur warrior
   440 | D        | Reached *** piety under Sif Muna
   440 | D        | Reached skill level 10 in Armour
   440 | D        | Reached skill level 10 in Conjurations
   457 | D        | Killed a cyclops
   457 | D        | Reached XP level 9. HP: 30/57 MP: 3/18
   561 | D        | Got the +11 plate armour of Tulips {rF+}
   581 | D        | Noticed a spiny frog
   583 | D        | Noticed a komodo dragon
   584 | D        | Reached **** piety under Sif Muna
   585 | D        | Reached skill level 11 in Armour
   594 | D        | Killed a spiny frog
   598 | D        | Killed a komodo dragon
   598 | D        | Reached ***** piety under Sif Muna
   625 | D        | Noticed a lindwurm
   635 | D        | Reached skill level 10 in Invocations
   635 | D        | Reached XP level 10. HP: 43/64 MP: 11/20
   654 | D        | Killed a lindwurm
   654 | D        | Reached skill level 12 in Armour
   832 | D        | Noticed a lindwurm
   832 | D        | Noticed a lindwurm
   832 | D        | Noticed a lindwurm
   837 | D        | Noticed a lindwurm
   846 | D        | Killed a lindwurm
   847 | D        | Killed a lindwurm
   851 | D        | Killed a lindwurm
   851 | D        | Reached ****** piety under Sif Muna
   851 | D        | Received a gift from Sif Muna
   863 | D        | Killed a lindwurm
   872 | D        | Reached skill level 13 in Armour
   873 | D        | Identified Xotaj's Papyrus of Bewitchment and the Volcanoes (Sif Muna gifted it to you in the Dungeon)
   880 | D        | Learned a level 5 spell: Metabolic Englaciation
   887 | D        | Learned a level 6 spell: Bolt of Fire
  1036 | D        | Reached skill level 1 in Fire Magic
  1092 | D        | Noticed an orc sorcerer
  1092 | D        | Noticed an orc knight
  1092 | D        | Noticed an orc high priest
  1092 | D        | Noticed an orc sorcerer
  1093 | D        | Noticed a rust devil
  1099 | D        | Paralysed by an orc sorcerer for 6 turns
  1106 | D        | Reached XP level 11. HP: 54/71 MP: 17/24
  1116 | D        | Killed an orc sorcerer
  1119 | D        | Killed an orc sorcerer
  1199 | D        | Noticed a sixfirhy
  1207 | D        | Killed an orc high priest
  1416 | D        | Reached skill level 10 in Fighting
  1506 | D        | Killed an orc knight
  1506 | D        | Reached skill level 14 in Armour
  1736 | D        | Found Gihokk's Jewellery Boutique.
  1736 | D        | Noticed an orc sorcerer
  1736 | D        | Noticed an orc sorcerer
  1738 | D        | Noticed an orc sorcerer
  1749 | D        | Killed an orc sorcerer
  1753 | D        | Killed an orc sorcerer
  1753 | D        | Reached skill level 15 in Armour
  1758 | D        | Killed an orc sorcerer
  1820 | D        | Found Ewnidd's Antique Armour Shop.
  1847 | D        | Found Letifur's Armour Boutique.
  1849 | D        | Noticed an orc sorcerer
  1850 | D        | Found Huagg's Antique Armour Shop.
  1851 | D        | Noticed an orc sorcerer
  1853 | D        | Noticed an orc sorcerer
  1857 | D        | Noticed an orc sorcerer
  1860 | D        | Killed an orc sorcerer
  1860 | D        | Reached skill level 16 in Armour
  1861 | D        | Killed an orc sorcerer
  1864 | D        | Killed an orc sorcerer
  1868 | D        | Killed an orc sorcerer
  1868 | D        | Reached skill level 17 in Armour
  1889 | D        | Noticed an orc sorcerer
  1900 | D        | Killed an orc sorcerer
  1910 | D        | Bought the ring of Xoxesour {*Corrode rC+++ MP+9 Str+6 Stlth+} for 861 gold pieces
  1916 | D        | Bought the +2 hat of the Bear Spirit {Spirit, +Rage rN+ MR++} for 782 gold pieces
  2091 | D        | Noticed Erolcha
  2113 | D        | Killed Erolcha
  2113 | D        | Reached skill level 18 in Armour
  2316 | D        | Reached XP level 12. HP: 73/77 MP: 12/25
  2317 | D        | Noticed an ettin
  2320 | D        | Noticed a rakshasa
  2335 | D        | Slain by an ettin

Skill      XL: |  1  2  3  4  5  6  7  8  9 10 11 |
---------------+----------------------------------+-----
Armour         | 5 6 8 9 10 11 13 18 | 18.6
Conjurations   | 5 7 8 9 10 11 13 | 13.7
Fighting       | 3 4 5 6 7 8 9 10 | 10.0
Spellcasting   | 3 4 5 6 7 9 |  9.7
Air Magic      | 3 4 5 6 |  6.7
Invocations    | 2 5 6 8 10 11 12 | 12.3
Dodging        | 2 3 4 |  4.7
Fire Magic     | 1 3 |  3.8
Stealth        | |  2.1

Action                   |  1- 3 |  4- 6 |  7- 9 | 10-12 || total
-------------------------+-------+-------+-------+-------++-------
Melee: Unarmed           |    14 |    12 |       |       ||    26
       Halberd           |       |       |    12 |    16 ||    28
 Cast: Shock             |    12 |    17 |    54 |   219 ||   302
       Repel Missiles    |       |       |     1 |       ||     1
Invok: Channel Energy    |       |     3 |    18 |    38 ||    59
Evoke: Wand              |       |       |       |     5 ||     5
  Use: Potion            |     4 |       |     3 |     2 ||     9
       Scroll            |       |       |       |     1 ||     1
  Eat: Bread ration      |       |       |     1 |     1 ||     2
       Chunk             |       |       |       |     8 ||     8
Armor: Robe              |     9 |     1 |       |       ||    10
       Scale mail        |       |    14 |    50 |       ||    64
       Plate armour      |       |       |     4 |   187 ||   191
       Gold dragon armou |       |       |       |    21 ||    21
Dodge: Dodged            |    20 |     9 |    30 |    55 ||   114
       Deflected         |       |       |       |     4 ||     4
